 Dungeon Crawl Stone Soup version 0.30-a0-297-g0ec75d9ef4 (webtiles) character file.

Game seed: 11893208160574654166

7 Bnni the Shooter (level 2, 0/23 HPs)
             Began as a Formicid Hunter on Oct 18, 2022.
             Was a Follower of Makhleb.
             Slain by a giant cockroach (2 damage)
             ... on level 1 of the Dungeon.
             The game lasted 00:00:35 (109 turns).

Bnni the Shooter (Formicid Hunter)                   Turns: 109, Time: 00:00:36

Health: 0/23       AC:  3    Str: 15    XL:     2   Next: 5%
Magic:  2/2        EV: 12    Int:  8    God:    Makhleb [*.....]
Gold:   11         SH:  0    Dex: 17    Spells: 1/1 levels left

rFire   . . .      SeeInvis +    a - +0 shortbow
rCold   . . .      Faith    .    (no shield)
rNeg    . . .      Spirit   .    c - +0 leather armour
rPois   .          Reflect  .    (helmet unavailable)
rElec   .          Harm     .    (no cloak)
rCorr   .          Rampage  .    (no gloves)
Will    .....                    (no boots)
Stlth   ++........               (no amulet)
HPRegen 0.23/turn                (no ring)
MPRegen 0.08/turn                (no ring)

@: no status effects
A: permanent stasis, dig shafts and tunnels, antennae 3, four strong arms
a: Dig, Shaft Self, Renounce Religion


You were on level 1 of the Dungeon.
You worshipped Makhleb.
Makhleb was aware of your devotion.
You visited 1 branch of the dungeon, and saw 1 of its levels.

You collected 11 gold pieces.

Inventory:

Hand Weapons
 a - a +0 shortbow (weapon)
Armour
 c - a +0 leather armour (worn)
Scrolls
 b - a scroll of immolation
 e - a scroll of identify {unknown}
Potions
 d - 2 potions of flight {unknown}


   Skills:
 + Level 2.4 Fighting
 * Level 4.2 Ranged Weapons
 - Level 1.7 Dodging
 - Level 1.2 Stealth


You had one spell level left.
You didn't know any spells.
Your spell library was empty.

Dungeon Overview and Level Annotations

Branches:
Dungeon (1/15)

Altars:
Makhleb


Innate Abilities, Weirdness & Mutations

You cannot be hasted, slowed, berserked, paralysed or teleported.
You can dig through walls and to a lower floor.
You have a pair of large antennae on your head. (SInv)
Your four strong arms can wield two-handed weapons with a shield.


Message History

The jackal barely misses you. The hobgoblin hits you.
The goblin hits you but does no damage.
You are too injured to fight recklessly!
You are too injured to fight recklessly!
You are too injured to fight recklessly!
You are too injured to fight recklessly!
You are too injured to fight recklessly!
Non-targeted abil: Dig
Press: ? - help, Q - select action, (/) - cycle Dir - look around, f - activate Look: a goblin, wielding a +2 dagger of speed You extend your mandibles.
Unknown command.
Press < or > to pray at altars.
Non-targeted abil: Dig
Press: ? - help, Q - select action, (/) - cycle Dir - look around, f - activate You retract your mandibles.
Unknown command.
Press < or > to pray at altars.
Unknown command.
Press < or > to pray at altars.
Clearing quiver.
Fire: a) +0 shortbow
Press: ? - help, Q - select action, (/) - cycle Shift-Dir - straight line, f - goblin
Aim: a goblin, wielding a +2 dagger of speed (56% to hit)
You shoot an arrow. The arrow hits the goblin!
You kill the goblin!
Makhleb accepts your kill. The jackal closely misses you. The jackal bites you.
The hobgoblin hits you.
* * * LOW HITPOINT WARNING * * *
Fire: a) +0 shortbow
Press: ? - help, Q - select action, (/) - cycle Shift-Dir - straight line, f - giant cockroach
Aim: a giant cockroach (63% to hit)
You shoot an arrow. The arrow hits the giant cockroach.
The giant cockroach is almost dead.
The jackal bites you.
* * * LOW HITPOINT WARNING * * *
The giant cockroach closely misses you. The hobgoblin closely misses you.
The jackal bites you but does no damage.
The hobgoblin misses you. The giant cockroach bites you.
You die...

####### #...... #####
#.##### ..!# #.# # #
#..#### #.#####
#.##.)...# #.#....
#..'''''.# #.#.###
#..'''''.# #....##
#.''@''.#######......
#.'ghB'............##
#.'''''##########.###
##......# #.#..
#.†###.# #.#)# #.. .#
#.#.# .... .# #.#.#
##.# .. #.#.# #.#.#


You could see a jackal, a giant cockroach and a hobgoblin.

Vanquished Creatures
  A ball python (D:1)
  A bat (D:1)
  A jackal (D:1)
  A goblin (D:1)
  A kobold (D:1)
  2 rats (D:1)
7 creatures vanquished.

Notes
Turn   | Place    | Note
-------+----------+-------------------------------------------
     0 | D:1      | Bnni the Formicid Hunter began the quest for the Orb.
     0 | D:1      | Reached XP level 1. HP: 16/16 MP: 1/1
    98 | D:1      | Found a faded altar of an unknown god.
   101 | D:1      | Reached XP level 2. HP: 23/23 MP: 2/2
   104 | D:1      | Prayed at the altar of an unknown god.
   104 | D:1      | Became a worshipper of Makhleb the Destroyer
   104 | D:1      | Reached * piety under Makhleb
   109 | D:1      | Slain by a giant cockroach

Illustrated notes

Levels and vault maps discovered:
D:1:      shiori_arrival_oz, layout_loops_ring,
          hellmonk_ecumenical_altar_heavens_door, minmay_pentomino_x4

Action                   || total
-------------------------++-------
 Fire: Shortbow          ||    16
 Abil: Dig               ||     2
Armor: Leather armour    ||     7
Dodge: Dodged            ||    10

Table legend: (Time is in decaauts)
 A = Elapsed time spent in this place.
 B = Non-inter-level travel time spent in this place.
 C = Inter-level travel time spent in this place.
 D = Time resting spent in this place.
 E = Time spent auto-exploring this place.
 F = Levels seen in this place.
 G = Mean time per level.
                   A        B        C        D        E       F      G
               +--------+--------+--------+--------+--------+-----+--------+
         Total |    113 |    113 |      0 |      0 |     79 |   1 |  113.0 |
       Dungeon |    113 |    113 |      0 |      0 |     79 |   1 |  113.0 |
               +--------+--------+--------+--------+--------+-----+--------+

Top non-repeatable levels by time:
     D:1: 113 daAuts
